 Dungeon Crawl Stone Soup version 0.16.2-3-ga078185 (webtiles) character file.

281 gorblad the Archer (level 6, 0/39 HPs)
             Began as a High Elf Hunter on Sept 7, 2015.
             Killed from afar by Terence (11 damage)
             ... with a wand of flame
             ... on level 3 of the Dungeon.
             The game lasted 00:07:47 (1345 turns).

gorblad the Archer (High Elf Hunter)                Turns: 1345, Time: 00:07:48

Health: 0/39       AC:  6    Str: 11    XL:     6   Next: 6%
Magic:  10/10      EV: 12    Int: 15    God:
Gold:   101        SH:  0    Dex: 18    Spells: 0 memorised, 5 levels left

rFire  . . .     SeeInvis .     b - +1 shortbow
rCold  . . .     Clarity  .     d - +0 leather armour
rNeg   + . .     SustAb   .     (no shield)
rPois  .         Gourm    .     (no helmet)
rElec  .         Spirit   .     (no cloak)
rCorr  .         Warding  .     (no gloves)
rMut   .         Stasis   .     h - +2 pair of boots
MR     .....                    (no amulet)
Stlth  ++........               (no ring)
                                w - ring of positive energy

@: not resistant to hostile enchantments, unstealthy
A: no striking features
a: no special abilities


You were on level 3 of the Dungeon.
You were not hungry.

You visited 1 branch of the dungeon, and saw 3 of its levels.

You collected 101 gold pieces.

Inventory:

Hand weapons
 a - a +0 short sword
 b - a +1 shortbow (weapon)
 u - a +1 spear of chaos
Missiles
 c - 24 arrows (quivered)
Armour
 d - a +0 leather armour (worn)
 h - a +2 pair of boots (worn)
Jewellery
 w - a ring of positive energy (left hand)
Scrolls
 e - 3 scrolls of fog {unknown}
 k - a scroll of blinking {unknown}
 n - 3 scrolls of teleportation {unknown}
 o - 2 scrolls of remove curse {unknown}
 p - a scroll of random uselessness {unknown}
 t - a scroll of magic mapping {unknown}
 v - a scroll of enchant armour {unknown}
Potions
 g - a potion of mutation {unknown}
 i - a potion of heal wounds {unknown}
 j - a potion of agility
 m - a potion of brilliance {unknown}
 q - a potion of might {unknown}
Books
 x - a Necronomicon {highlevel, unknown}

   This book is beyond your current level of understanding.

   Spells                             Type                      Level
   a - Haunt                          Necromancy/Summoning         7
   b - Borgnjor's Revivification      Necromancy                   8
   c - Death's Door                   Charms/Necromancy            8
   d - Necromutation                  Transmutation/Necromancy     8
Comestibles
 f - a bread ration
 l - a fruit
 r - a meat ration
 s - a beef jerky


   Skills:
 + Level 2.2 Fighting
 + Level 9.0 Bows
 + Level 1.6 Armour
 + Level 2.4 Dodging
 + Level 1.1 Stealth


You had 5 spell levels left.
You didn't know any spells.

Dungeon Overview and Level Annotations

Branches:
Dungeon (3/15)

Altars:
Xom

Annotations:
D:3 Terence


Message History

You kill Grinder!
Your Bows skill gained 2 levels and is now at level 9!
Your Armour skill increases to level 1!
You have reached level 5!
You have reached level 6!
Your experience leads to an increase in your attributes!
Increase (S)trength, (I)ntelligence, or (D)exterity?
You feel agile. x2
Your life force feels restored.
Terence zaps a wand.
The puff of flame hits you!
* * * LOW HITPOINT WARNING * * *
Terence zaps a wand.
The puff of flame misses you.
You are too injured to fight recklessly!
You are too injured to fight recklessly!
Firing (i - inventory):
c - 25 arrows (quivered)
Press: ? - help, Shift-Dir - straight line, f - Terence
Aim: Terence, wielding a mace, wearing a chain mail and carrying a wand of flame {zapped: 3} (lightly wounded)
You shoot an arrow. The arrow barely misses Terence.
Terence zaps a wand.
The puff of flame hits you!
You die...

## .. #. #<# #.#
####.###### ..........#
###...###.#############
#...# #.......@.....#
#..>###############@#
#...[....... ...
#..######### (### ##..#
@# #...# (# ##..## (#
....# (# ##.## .


You could see Terence.

Vanquished Creatures
  Grinder (D:3)
  2 adders
  2 gnolls (D:2)
  2 worms (D:2)
  A giant gecko (D:3)
  An ooze (D:2)
  A ball python (D:1)
  A giant cockroach (D:2)
  8 goblins
  A hobgoblin (D:2)
  A quokka (D:2)
  2 bats (D:2)
  3 giant newts
  5 kobolds
  5 rats
36 creatures vanquished.

Notes
Turn   | Place    | Note
--------------------------------------------------------------
     0 | D:1      | gorblad, the High Elf Hunter, began the quest for the Orb.
     0 | D:1      | Reached XP level 1. HP: 14/14 MP: 2/2
   278 | D:1      | Reached XP level 2. HP: 19/19 MP: 3/3
   481 | D:1      | Reached skill level 6 in Bows
   585 | D:2      | Reached XP level 3. HP: 22/24 MP: 5/5
   803 | D:2      | Reached skill level 7 in Bows
   830 | D:2      | Found a shimmering altar of Xom.
   984 | D:2      | Reached XP level 4. HP: 22/29 MP: 7/7
  1325 | D:3      | Noticed Grinder
  1326 | D:3      | Paralysed by Grinder for 2 turns
  1328 | D:3      | Noticed Terence
  1340 | D:3      | Killed Grinder
  1340 | D:3      | Reached skill level 9 in Bows
  1340 | D:3      | Reached skill level 1 in Armour
  1340 | D:3      | Reached XP level 5. HP: 16/34 MP: 8/8
  1340 | D:3      | Reached XP level 6. HP: 18/39 MP: 10/10
  1345 | D:3      | Killed from afar by Terence

Action                   |  1- 3 |  4- 6 || total
-------------------------+-------+-------++-------
 Fire: Shortbow          |    84 |    31 ||   115
  Eat: Fruit             |       |     1 ||     1
